 Dungeon Crawl Stone Soup version 0.29.1-12-g30fa7ad0bf (webtiles) character file.

Game seed: 766806697666901043

65 mampy3000 the Cudgeller (level 3, -2/34 HPs)
             Began as a Minotaur Berserker on Jan 17, 2023.
             Was a Believer of Trog.
             Succumbed to a kobold's poison
             ... on level 2 of the Dungeon.
             The game lasted 00:02:51 (1392 turns).

mampy3000 the Cudgeller (Minotaur Berserker)        Turns: 1392, Time: 00:02:52

Health: -2/34      AC:  2    Str: 21    XL:     3   Next: 94%
Magic:  2/2        EV: 12    Int:  4    God:    Trog [**....]
Gold:   61         SH:  0    Dex: 11    Spells: 2/2 levels left

rFire   . . .      SeeInvis .   a - +0 mace
rCold   . . .      Faith    .   (no shield)
rNeg    . . .      Spirit   .   b - +0 animal skin
rPois   .          Reflect  .   (helmet restricted)
rElec   .          Harm     .   (no cloak)
rCorr   .          Rampage  .   (no gloves)
Will    ++...                   (no boots)
Stlth   +.........              (no amulet)
HPRegen 1.11/turn               (no ring)
MPRegen 0.08/turn               (no ring)

@: lethally poisoned (-2 -> -14), strong-willed, regenerating
A: horns 2, retaliatory headbutt
a: Renounce Religion, Berserk, Trog's Hand


You were on level 2 of the Dungeon.
You worshipped Trog.
Trog was pleased with you.
You visited 1 branch of the dungeon, and saw 2 of its levels.

You collected 61 gold pieces.

Inventory:

Hand Weapons
 a - a +0 mace (weapon)
Armour
 b - a +0 animal skin (worn)
Scrolls
 c - a scroll of torment {unknown}
 d - a scroll of silence {unknown}
 f - a scroll of enchant armour {unknown}
 g - a scroll of vulnerability {unknown}
 h - a scroll of identify {unknown}
 m - a scroll of amnesia {unknown}
 n - a scroll of poison {unknown}
 o - a scroll of enchant weapon {unknown}
Potions
 e - a potion of flight {unknown}
 i - a potion of berserk rage {unknown}
 j - a potion of curing {unknown}
 k - a potion of cancellation {unknown}
 l - a potion of resistance {unknown}


   Skills:
 + Level 4.4 Fighting
 + Level 4.8 Maces & Flails
 + Level 2.5 Armour
 + Level 2.7 Dodging


You had 2 spell levels left.
You didn't know any spells.
Your spell library was empty.

Dungeon Overview and Level Annotations

Branches:
Dungeon (2/15)

Altars:


Innate Abilities, Weirdness & Mutations

You have a pair of horns on your head.
You reflexively headbutt those who attack you in melee.


Message History

Trog accepts your kill.
The goblin shouts!
A goblin is nearby!
A kobold and an endoplasm come into view.
The kobold is wielding a +2 dagger of venom.
The endoplasm quivers.
The goblin misses you.
You closely miss the goblin. The goblin hits you with a +0 dagger.
The kobold shouts!
You sock the goblin!
You kill the goblin!
Trog accepts your kill.
You see here a +0 dagger.
You enter the shallow water.
Moving in this stuff is going to be slow.
The endoplasm barely misses you.
You hit the endoplasm.
The endoplasm is heavily wounded.
The kobold hits you with a +2 dagger of venom.
The endoplasm freezes you.
You are frozen.
You sock the endoplasm!
You kill the endoplasm!
Trog accepts your kill.
The kobold hits you with a +2 dagger of venom.
You are poisoned.
The kobold hits you with a +2 dagger of venom.
You are lethally poisoned!
You feel extremely sick.
The kobold hits you with a +2 dagger of venom.
* * * LOW HITPOINT WARNING * * *
You are more poisoned.
You sock the kobold!
You kill the kobold!
Trog accepts your kill.
* * * LOW HITPOINT WARNING * * *
You feel extremely sick.
Your skin crawls.
You feel strong-willed.
You die...

.# #.###~~~~~~### ..#
#....~~....... #..##.
#...~~........ ......
#..~....~~.... ..###.
#?.~..~~..~... ......
##...~~....~... ######
#.......⌠~~....
####.....)~~⌠.....
#.<......~@)..~~..
#.#......~..~~..~. #
#.........~~....~. #
##.#..........~~.. #
#.#.......[.~~...
########.##.###~~~~~~###
##.......#### ##~~~~##
....####.# ######
......##.#


There were no monsters in sight!

Vanquished Creatures
  A hound (D:2)
  3 bats (D:1)
  An endoplasm (D:2)
  A giant cockroach (D:1)
  2 goblins
  4 hobgoblins (D:1)
  6 jackals (D:1)
  2 quokkas
  3 ball pythons
  2 frilled lizards (D:1)
  5 kobolds
  2 rats (D:1)
32 creatures vanquished.

Notes
Turn   | Place    | Note
-------+----------+-------------------------------------------
     0 | D:1      | mampy3000 the Minotaur Berserker began the quest for the
                  | Orb.
     0 | D:1      | Reached XP level 1. HP: 19/19 MP: 0/0
   146 | D:1      | Reached XP level 2. HP: 25/27 MP: 1/1
   441 | D:1      | Found a faded altar of an unknown god.
   926 | D:1      | Reached ** piety under Trog
   931 | D:1      | Reached XP level 3. HP: 33/33 MP: 2/2
  1392 | D:2      | Succumbed to a kobold's poison

Illustrated notes

Levels and vault maps discovered:
D:1:      dpeg_arrival_arbitrary_a, layout_basic,
          hellmonk_ecumenical_altar_leap_of_faith, minmay_misc_feat_encased
D:2:      cheibrodos_helix_gallery, layout_loops_cross, serial_shops,
          nicolae_shop_statue_plus, basic_altar

Skill      XL: |  1  2 |
---------------+-------+-----
Maces & Flails | 4 |  4.8
Fighting       | 4 |  4.4
Armour         | |  2.5
Dodging        | |  2.7

Action                   || total
-------------------------++-------
Melee: Mace              ||    68
       Headbutt          ||     4
Invok: Trog's Hand       ||     1
Armor: Animal skin       ||     9
Dodge: Dodged            ||    57
